 Dungeon Crawl Stone Soup version 0.30.0-29-ga12c61a403 (webtiles) character file.

Game seed: 14525738603045374671

1341 qw the Chopper (level 8, -3/49 HPs)
             Began as a Gargoyle Fighter on June 6, 2023.
             Slain by an orc warrior
             ... wielding a +0 flail
              (7 damage)
             ... on level 6 of the Dungeon.
             The game lasted 00:02:55 (5688 turns).

qw the Chopper (Gargoyle Fighter)                   Turns: 5688, Time: 00:02:55

Health: -3/49      AC: 20    Str: 27    XL:     8   Next: 62%
Magic:  8/8        EV: 12    Int: 10    God:
Gold:   234        SH:  4    Dex:  9    Spells: 7/7 levels left

rFire   . . .        Y - +0 war axe
rCold   . . .        c - +0 buckler
rNeg    + . .        q - +0 plate armour
rPois   inf          g - +2 helmet
rElec   +            (no cloak)
rCorr   .            (no gloves)
SInv    .            (no boots)
Will    .....        (no amulet) Stlth
                     f - +5 ring of evasion
HPRegen 0.28/turn    o - +6 ring of strength
MPRegen 0.11/turn

%: no passive effects
@: about to teleport
A: sickness immunity, AC +5, negative energy resistance 1, electricity
resistance, torment resistance 1, petrification resistance
a: no special abilities


You were on level 6 of the Dungeon.
You visited 2 branches of the dungeon, and saw 7 of its levels.

You collected 234 gold pieces.


Innate Abilities, Weirdness & Mutations

You are immune to sickness and miasma.
Your stone body is resilient. (AC +5)
You are immune to poison.
You resist negative energy. (rN+)
You are resistant to electric shocks. (rElec)
You are resistant to unholy torment.
You are immune to petrification.


   Skills:
 - Level 5.2 Fighting
 + Level 7.7 Axes
 - Level 2.3 Throwing
 - Level 4.1 Armour
 - Level 2.3 Dodging
 - Level 3.2 Shields


You had 7 spell levels left.
You didn't know any spells.
Your spell library was empty.

Inventory:

Hand Weapons
 r - a +1 flail of pain
 Y - a +0 war axe (weapon)
Missiles
 l - 4 javelins (quivered)
Armour
 c - a +0 buckler (worn)
 g - a +2 helmet (worn)
 q - a +0 plate armour (worn)
Jewellery
 f - a +5 ring of evasion (left hand)
 o - a +6 ring of strength (right hand)
Scrolls
 e - a scroll of teleportation
 i - a scroll of acquirement {unknown}
 m - a scroll of identify
Potions
 a - 2 potions of attraction
 b - a potion of heal wounds {unknown}
 d - 2 potions of might
 h - a potion of lignification
 k - a potion of haste
 n - 3 potions of curing

Dungeon Overview and Level Annotations

Branches:
Dungeon (6/15)             Temple (1/1) D:4

Altars:
Ashenzari
Dithmenos
Fedhas
Gozag
Kikubaaqudgha
Makhleb
Qazlal
Ru
Sif Muna
Trog
Uskayaw
Wu Jian
Xom
Yredelemnul
Zin


Message History

As you read the scroll of teleportation, it crumbles to dust.
You feel strangely unstable. The water moccasin closely misses you.
You hit the water moccasin.
The water moccasin is almost dead.
The water moccasin bites you but does no damage.
The water moccasin completely misses you.
You hit the water moccasin.
You kill the water moccasin!
You start resting.
Your surroundings suddenly seem different.
An orc warrior and 4 orcs come into view.
Found 12 gold pieces.
The orc warrior shouts!
The orc shouts! x3
The orc closely misses you.
The orc moves out of view.
Enter note:
Enter note:
Enter note:
Enter note:
Enter note:
Enter note: You barely miss the orc.
You hit the orc. The orc misses you. The orc closely misses you.
You closely miss the orc.
The orc is moderately wounded.
You barely miss the orc. The orc hits you but does no damage.
The orc barely misses you.
You barely miss the orc.
The orc is moderately wounded.
You slash the orc!
You kill the orc!
You block the orc's attack.
The orc warrior hits you with a +0 flail!
The orc hits you but does no damage.
5688 ||| READING 2 scrolls of teleportation.
As you read the scroll of teleportation, it crumbles to dust.
You feel strangely unstable. The orc closely misses you.
The orc barely misses you.
The orc warrior hits you with a +0 flail!
You die...

.....##.##.....
...## #.####...
.. #........
##+# ..
######.## ...
.# #... .. .#
#.## #o .# .
#.# #.###o#o#
....###.##
#....o@.#
..........
####.####
....##.%.# # ..
#..(. #.#.# ..
.# #.. .. ...
.. .#(. .#


You could see an orc warrior and 3 orcs.

Vanquished Creatures
  A water moccasin (D:6)
  A black bear (D:6)
  3 ogres
  A bullfrog (D:6)
  4 scorpions
  2 orc priests (D:4)
  A jelly (D:4)
  2 hounds (D:4)
  2 iguanas
  A sleepcap (D:4)
  2 orc wizards
  18 gnolls
  4 adders
  3 worms
  2 dart slugs
  9 orcs
  8 bats
  8 endoplasms
  4 giant cockroaches
  12 goblins
  4 hobgoblins
  3 jackals (D:2)
  2 quokkas
  4 ball pythons
  6 frilled lizards
  9 kobolds
  8 rats
124 creatures vanquished.

Vanquished Creatures (others)
  A wizard (D:3)
1 creature vanquished.

Grand Total: 125 creatures vanquished

Notes
Turn   | Place    | Note
-------+----------+-------------------------------------------
     0 | D:1      | qw the Gargoyle Fighter began the quest for the Orb.
     0 | D:1      | Reached XP level 1. HP: 14/14 MP: 1/1
     0 | D:1      | 0 ||| qw: Version: 0.2-a-108-gee2c290
     0 | D:1      | 0 ||| qw: Game counter: 1525
     0 | D:1      | 0 ||| qw: Always use a shield: true
     0 | D:1      | 0 ||| qw: God list: Okawaru
     0 | D:1      | 0 ||| qw: Allow faded altars: false
     0 | D:1      | 0 ||| qw: Do Orc after D:15 true
     0 | D:1      | 0 ||| qw: Do second Lair branch before Depths: true
     0 | D:1      | 0 ||| qw: Lair rune preference: random
     0 | D:1      | 0 ||| qw: Plans: Normal, Zot:1-4, Slime:5, God:TSO, Crypt,
                  | Tomb, Abyss, Pan, Hells, Win
     0 | D:1      | 0 ||| PLANNING D:1-11
   120 | D:1      | Reached skill level 2 in Axes
   198 | D:1      | Reached XP level 2. HP: 19/19 MP: 2/2
   539 | D:1      | Reached skill level 3 in Axes
   754 | D:1      | Reached XP level 3. HP: 20/23 MP: 3/3
   982 | D:1      | 982 ||| UPGRADING to +0 helmet.
   987 | D:1      | 987 ||| UPGRADING to ring of willpower.
  1038 | D:2      | 1038 ||| Stepping ~*~*~tactically~*~*~ (stealth).
  1047 | D:2      | Reached XP level 4. HP: 28/28 MP: 4/4
  1047 | D:2      | 1047 ||| Stepping ~*~*~tactically~*~*~ (stealth).
  1327 | D:2      | Reached skill level 4 in Axes
  1462 | D:2      | 1462 ||| Stepping ~*~*~tactically~*~*~ (hiding).
  1610 | D:2      | 1610 ||| Stepping ~*~*~tactically~*~*~ (hiding).
  1971 | D:2      | 1971 ||| UPGRADING to +6 ring of strength.
  1972 | D:2      | 1972 ||| UPGRADING to +6 ring of dexterity.
  1974 | D:2      | 1974 ||| DROPPING ring of willpower.
  1975 | D:2      | 1975 ||| READING scroll labelled HAPSUJ YROU.
  1976 | D:2      | 1976 ||| READING 2 scrolls labelled FINIDI PUQOUPY.
  1977 | D:2      | 1977 ||| READING 2 scrolls labelled TEKINOURUP.
  1978 | D:2      | 1978 ||| DRINKING 2 smoky silvery potions.
  1979 | D:2      | 1979 ||| DROPPING scroll of magic mapping.
  2014 | D:3      | Found a bloodstained altar of Trog.
  2034 | D:3      | Reached XP level 5. HP: 32/32 MP: 5/5
  2330 | D:3      | Noticed an ogre
  2347 | D:3      | HP: 5/32 [ogre/+0 giant spiked club (21)]
  2349 | D:3      | Killed an ogre
  2350 | D:3      | 2350 ||| Stepping ~*~*~tactically~*~*~ (hiding).
  2488 | D:3      | Noticed a wizard
  2490 | D:3      | Killed a wizard
  2813 | D:3      | 2813 ||| READING scroll labelled EMOCUE FEFE.
  2814 | D:3      | 2814 ||| READING scroll labelled UDUNOL ITWOSU.
  2818 | D:3      | 2818 ||| READING scroll labelled NIVVOEBUEPP.
  2819 | D:3      | 2819 ||| DRINKING 2 murky golden potions.
  2853 | D:3      | 2853 ||| READING 2 scrolls of identify.
  2853 | D:3      | 2853 ||| IDENTIFYING ruby potion
  2867 | D:4      | 2867 ||| PLANNING OSSUARY
  2870 | D:4      | 2870 ||| Stepping ~*~*~tactically~*~*~ (stealth).
  2881 | D:4      | Reached XP level 6. HP: 26/37 MP: 6/6
  2892 | D:4      | 2892 ||| FLEEEEING.
  2893 | D:4      | 2893 ||| STAIRDANCE
  2924 | D:4      | 2924 ||| STAIRDANCE
  2961 | D:4      | You fall into a shaft and drop 1 floor!
  2961 | D:5      | Entered Level 5 of the Dungeon
  2991 | D:5      | Reached skill level 5 in Axes
  3062 | D:5      | 3062 ||| READING 2 scrolls labelled RUIGUG VUD FOJUCYN.
  3063 | D:5      | 3063 ||| DROPPING scroll of blinking.
  3064 | D:5      | 3064 ||| Stepping ~*~*~tactically~*~*~ (stealth).
  3065 | D:5      | 3065 ||| Stepping ~*~*~tactically~*~*~ (stealth).
  3066 | D:5      | 3066 ||| Stepping ~*~*~tactically~*~*~ (stealth).
  3067 | D:5      | 3067 ||| Stepping ~*~*~tactically~*~*~ (stealth).
  3342 | D:4      | HP: 7/38 [gnoll/+0 halberd (4)]
  3460 | D:4      | 3460 ||| DROPPING +0 mace.
  3479 | D:4      | Reached XP level 7. HP: 43/43 MP: 7/7
  3498 | D:4      | Reached skill level 6 in Axes
  3512 | D:4      | Found a staircase to the Ecumenical Temple.
  3519 | D:4      | 3519 ||| RIP OSSUARY
  3530 | D:4      | 3530 ||| PLANNING TEMPLE
  3530 | D:4      | 3530 ||| READING scroll of enchant armour.
  3530 | D:4      | 3530 ||| ENCHANTING +0 helmet.
  3531 | D:4      | 3531 ||| UPGRADING to +5 ring of evasion.
  3533 | D:4      | 3533 ||| DROPPING +6 ring of dexterity.
  3534 | D:4      | 3534 ||| READING scroll labelled KEESUBBOSSU.
  3548 | Temple   | Entered the Ecumenical Temple
  3726 | Temple   | 3726 ||| PLANNING D:1-11
  3909 | D:4      | 3909 ||| Stepping ~*~*~tactically~*~*~ (stealth).
  3910 | D:4      | 3910 ||| Stepping ~*~*~tactically~*~*~ (stealth).
  3911 | D:4      | 3911 ||| Stepping ~*~*~tactically~*~*~ (stealth).
  3912 | D:4      | 3912 ||| Stepping ~*~*~tactically~*~*~ (stealth).
  3915 | D:4      | 3915 ||| Stepping ~*~*~tactically~*~*~ (stealth).
  4192 | D:4      | Found a glowing silver altar of Zin.
  4454 | D:4      | 4454 ||| READING 2 scrolls of identify.
  4454 | D:4      | 4454 ||| IDENTIFYING bubbling sapphire potion
  4455 | D:4      | 4455 ||| DROPPING potion of degeneration.
  4551 | D:5      | Reached skill level 1 in Throwing
  4596 | D:5      | Found a hide-covered altar of Uskayaw.
  4771 | D:5      | 4771 ||| Stepping ~*~*~tactically~*~*~ (hiding).
  4862 | D:5      | 4862 ||| DROPPING +0 flail.
  4867 | D:5      | 4867 ||| READING scroll of enchant armour.
  4867 | D:5      | 4867 ||| ENCHANTING +1 helmet.
  4938 | D:5      | 4938 ||| Stepping ~*~*~tactically~*~*~ (hiding).
  4939 | D:5      | 4939 ||| Stepping ~*~*~tactically~*~*~ (hiding).
  4940 | D:5      | 4940 ||| Stepping ~*~*~tactically~*~*~ (hiding).
  5039 | D:5      | Reached skill level 7 in Axes
  5039 | D:5      | Reached XP level 8. HP: 48/48 MP: 8/8
  5293 | D:5      | 5293 ||| UPGRADING to +0 plate armour.
  5303 | D:5      | 5303 ||| DROPPING +0 scale mail.
  5304 | D:5      | 5304 ||| READING 2 scrolls labelled ELONIOWACS.
  5305 | D:5      | 5305 ||| READING 4 scrolls of identify.
  5305 | D:5      | 5305 ||| IDENTIFYING murky amethyst potion
  5306 | D:5      | 5306 ||| READING 3 scrolls of identify.
  5306 | D:5      | 5306 ||| IDENTIFYING viscous grey potion
  5307 | D:5      | 5307 ||| READING 2 scrolls of identify.
  5307 | D:5      | 5307 ||| IDENTIFYING cyan potion
  5308 | D:5      | 5308 ||| DROPPING scroll of fear.
  5309 | D:5      | 5309 ||| DROPPING potion of brilliance.
  5310 | D:5      | 5310 ||| DROPPING potion of ambrosia.
  5680 | D:6      | HP: 12/49 [water moccasin (5)]
  5681 | D:6      | 5681 ||| READING 3 scrolls of teleportation.
  5687 | D:6      | HP: 4/49 [orc warrior/+0 flail (10)]
  5688 | D:6      | 5688 ||| READING 2 scrolls of teleportation.
  5688 | D:6      | Slain by an orc warrior

Levels and vault maps discovered:
D:1:      dpeg_arrival_round_a, layout_loops_corners
D:2:      layout_loops_corners, minmay_3d_cube
D:3:      layout_basic, trog_wizard, minmay_ogre_servants
D:4:      layout_gridville, zin_statuary, minmay_temple_entry_hall,
          nicolae_ossuary_entry_ruins
D:5:      layout_gridville, nicolae_overflow_crystal_walls
D:6:      layout_loops_cross, general_overflow_altar,
          nicolae_vehumet_altar_sigil
Temple:   nicolae_temple_bog_church

Skill      XL: |  1  2  3  4  5  6  7  8 |
---------------+-------------------------+-----
Axes           | 2 3 4 5 7 |  7.7
Dodging        | 2 |  2.3
Fighting       | 4 5 |  5.2
Throwing       | 1 2 |  2.3
Armour         | 4 |  4.1
Shields        | |  3.2

Action                     |  1- 3 |  4- 6 |  7- 9 || total
---------------------------+-------+-------+-------++-------
  Melee: War axe           |    77 |   159 |   215 ||   451
  Throw: Javelin           |       |       |    16 ||    16
    Use: Scroll            |       |     8 |    10 ||    18
         Potion            |       |     2 |       ||     2
 Armour: Scale mail        |    40 |    85 |    49 ||   174
         Plate armour      |       |       |    73 ||    73
  Dodge: Dodged            |    37 |    93 |   142 ||   272
  Block: Buckler           |    18 |    33 |    44 ||    95

Table legend:
 A = Non-vault XP
 B = Vault XP
 C = Vault XP percentage of total XP
 D = Non-vault monster count
 E = Vault monster count
 F = Vault count percentage of total count
                 A         B        C        D         E       F
            +---------+---------+-------+---------+---------+-------
      Total |    1764 |     153 |   8.0 |     110 |      14 |  11.3
            +---------+---------+-------+---------+---------+-------
        D:1 |      37 |       0 |   0.0 |      23 |       0 |   0.0
        D:2 |     104 |      21 |  16.8 |      20 |       5 |  20.0
        D:3 |      21 |     132 |  86.3 |      13 |       9 |  40.9
        D:4 |     528 |       0 |   0.0 |      33 |       0 |   0.0
        D:5 |     447 |       0 |   0.0 |      14 |       0 |   0.0
        D:6 |     627 |       0 |   0.0 |       7 |       0 |   0.0
            +---------+---------+-------+---------+---------+-------
